Map: Newkirk Precinct TE (Void)

Players

Fropez - Winner!

  • Race: Protoss Protoss
  • League: Gold
  • Spawn Location: 7:00

Bub

  • Race: Terran Terran
  • Spawn Location: 5:00

VOD

Have the link to the VOD?

Description

Time

  • Played on: Jan. 18, 2017, 6:37 p.m.
  • Length: 11:14
Show
View Real Time Build Order
Export as new Build Order

Fropez Protoss - Winner!

Build Orders: 1 Gate Expand 

Get SALT Encoding   

  12  0:01  Probe (Chrono Boost)  
  13  0:11  Probe (Chrono Boost)  
  14  0:18  Pylon  
  14  0:22  Probe (Chrono Boost)  
  15  0:37  Gateway  
  15  0:38  Probe (Chrono Boost)  
  16  0:50  Probe (Chrono Boost)  
  16  0:52  Assimilator  
  17  1:08  Probe (Chrono Boost)  
  18  1:19  Probe (Chrono Boost)  
  18  1:24  Nexus  
  19  1:29  Probe (Chrono Boost)  
  20  1:39  Cybernetics Core  
  20  1:42  Assimilator  
  20  1:51  Probe (Chrono Boost)  
  21  2:02  Pylon  
  21  2:08  Pylon  
  21  2:09  Warp Gate  
  21  2:22  Probe (Chrono Boost)  
  21  2:24  Adept  
  25  2:38  Probe (Chrono Boost)  
  25  2:40  Mothership Core (Chrono Boost)  
  26  2:53  Pylon  
  26  3:09  Probe (Chrono Boost)  
  26  3:10  Probe (Chrono Boost)  
  26  3:11  Stalker  
  31  3:20  Probe (Chrono Boost)  
  31  3:21  Probe (Chrono Boost)  
  31  3:24  Gateway  
  31  3:27  Twilight Council  
  32  3:31  Probe (Chrono Boost)  
  32  3:33  Probe (Chrono Boost)  
  32  3:34  Pylon  
  34  3:54  Resonating Glaives  
  32  4:16  Probe (Chrono Boost)  
  34  4:17  Gateway  
  34  4:18  Probe (Chrono Boost)  
  34  4:19  Assimilator  
  34  4:20  Pylon  
  34  4:25  Adept x2  
  38  4:38  Probe (Chrono Boost), Gateway  
  40  4:39  Probe (Chrono Boost)  
  40  4:47  Adept x2  
  44  4:53  Probe (Chrono Boost)  
  44  4:55  Probe (Chrono Boost)  
  44  4:58  Nexus  
  46  5:02  Pylon  
  46  5:03  Forge  
  46  5:13  Stalker x2  
  48  5:16  Probe (Chrono Boost)  
  48  5:20  Mothership Core (Chrono Boost)  
  51  5:23  Pylon  
  51  5:24  Assimilator  
  52  5:28  Pylon, Probe (Chrono Boost)  
  52  5:31  Protoss Ground Weapons Level 1  
  52  5:35  Dark Shrine  
  52  5:36  Pylon  
  52  5:44  Stalker  
  54  5:56  Probe (Chrono Boost)  
  56  5:58  Probe (Chrono Boost)  
  56  6:07  Probe (Chrono Boost)  
  56  6:10  Probe (Chrono Boost)  
  54  6:16  Pylon  
  54  6:17  Probe (Chrono Boost)  
  54  6:18  Probe (Chrono Boost)  
  55  6:20  Stalker x3  
  55  6:24  Probe (Chrono Boost)  
  62  6:28  Probe (Chrono Boost)  
  63  6:54  Dark Templar x2  
  65  7:02  Probe (Chrono Boost)  
  65  7:04  Probe (Chrono Boost)  
  65  7:08  Probe (Chrono Boost)  
  68  7:10  Shadow Stride  
  68  7:11  Assimilator  
  68  7:12  Stalker x2  
  68  7:13  Probe (Chrono Boost)  
  68  7:15  Assimilator  
  73  7:20  Protoss Ground Weapons Level 2  
  73  7:21  Pylon  
  73  7:30  Blink  
  73  7:32  Gateway  
  73  7:34  Pylon, Probe (Chrono Boost)  
  73  7:35  Probe (Chrono Boost)  
  73  7:36  Probe (Chrono Boost)  
  76  8:11  Dark Templar x2  
  76  8:19  Adept x2  
  80  8:24  Probe x2 (Chrono Boost)  
  80  8:25  Probe (Chrono Boost)  
  83  8:29  Pylon  
  83  8:36  Probe x2 (Chrono Boost)  
  83  8:37  Probe (Chrono Boost), Gateway  
  84  8:42  Gateway  
  84  8:44  Stalker x2  
  84  8:45  Stalker x2  
  84  8:46  Stalker  
  92  9:23  Stalker x5  
  102  9:30  Probe x2 (Chrono Boost)  
  102  9:31  Robotics Facility  
  104  9:34  Gateway  
  104  9:36  Gateway  
  105  9:39  Probe (Chrono Boost)  
  105  9:42  Probe (Chrono Boost), Dark Templar  
  106  9:48  Photon Cannon, Dark Templar  
  93  10:05  Stalker  
  93  10:06  Stalker x3  
  87  10:41  Stalker x4  
  87  10:42  Stalker  
Show
View Real Time Build Order
Export as new Build Order

Bub Terran 

Build Orders: Liberator Opening 

Get SALT Encoding   

  12  0:02  SCV  
  14  0:14  SCV  
  14  0:26  SCV  
  15  0:32  Supply Depot  
  15  0:51  Refinery  
  15  0:53  SCV  
  15  0:57  Barracks  
  16  1:05  SCV  
  16  1:07  Refinery  
  17  1:17  SCV  
  18  1:24  Supply Depot  
  18  1:30  SCV  
  19  1:42  SCV  
  20  1:49  Factory  
  20  1:52  Reaper  
  20  1:54  SCV  
  22  2:06  SCV  
  23  2:21  Orbital Command  
  23  2:25  Reaper  
  24  2:34  Starport  
  24  2:43  Factory Reactor  
  24  2:57  Reaper  
  24  3:08  SCV  
  24  3:10  Engineering Bay  
  25  3:18  Liberator  
  25  3:26  SCV  
  29  3:47  Supply Depot  
  29  3:50  Marine  
  29  4:07  Marine  
  29  4:08  SCV  
  22  4:20  Liberator  
  22  4:25  Marine  
  22  4:28  SCV  
  26  4:40  SCV  
  27  4:47  Marine  
  27  4:52  SCV  
  29  4:56  Liberator  
  29  5:04  SCV  
  29  5:05  Marine  
  31  5:18  Command Center  
  31  5:20  Missile Turret  
  31  5:28  SCV  
  32  5:29  Supply Depot  
  32  5:37  Barracks Tech Lab  
  32  5:42  Barracks  
  32  5:46  SCV  
  33  5:51  Missile Turret  
  33  5:56  Stimpack  
  33  5:58  SCV, Marauder  
  36  6:10  SCV  
  37  6:19  Marauder, Medivac x2  
  43  6:40  Marine  
  42  6:52  Marine  
  42  6:58  Marine  
  42  7:00  SCV  
  44  7:10  Marine  
  44  7:12  SCV  
  46  7:16  Marine, Barracks  
  47  7:24  Refinery  
  47  7:30  SCV  
  47  7:34  Marauder  
  41  7:55  Marauder  
  42  7:58  Missile Turret  
  42  8:17  Missile Turret  
  42  8:18  Planetary Fortress  
  40  8:53  Barracks Reactor, Barracks Tech Lab  
  40  8:58  SCV  
  41  9:10  Marine, SCV  
  40  9:22  SCV  
  40  9:28  Marine  
  41  9:32  Marine x2  
  41  9:33  Marauder, Medivac x2  
  41  9:35  SCV  
  50  9:47  SCV  
  50  9:48  Marine  
  50  9:50  Marine  
  53  9:54  Refinery  
  53  9:55  Marauder  
  53  9:59  SCV  
  46  10:11  SCV  
  46  10:12  Marine x2  
  40  10:17  Marauder  
  42  10:23  SCV  
  41  10:35  SCV  
  37  10:38  Marauder  
  39  10:44  Medivac x2  
  39  10:47  SCV  
  41  10:59  SCV  
Tags
 
Add a new tag
Caveats
  • Supply blocks, unpowered buildings, or Contaminate may cause inaccurate times.
  • Supply counts are checked every 10 seconds.